 Dungeon Crawl Stone Soup version 0.19-a0-1064-geb5102e (webtiles) character file.

6479 Promi the Nimble (level 10, 0/51 HPs)
             Began as a Spriggan Earth Elementalist on Aug 2, 2016.
             Was a Follower of Sif Muna.
             Slain by a troll (6 damage)
             ... on level 9 of the Dungeon on Aug 3, 2016.
             The game lasted 01:53:08 (14307 turns).

Promi the Nimble (Spriggan Earth Elementalist)     Turns: 14307, Time: 01:53:08

Health: 0/51       AC:  3    Str:  4    XL:     10   Next: 68%
Magic:  0/23       EV: 26    Int: 21    God:    Sif Muna [*.....]
Gold:   434        SH:  0    Dex: 18    Spells: 5 memorised, 10 levels left

rFire  . . .     SeeInvis +     r - +2 dagger (speed)
rCold  . . .     Gourm    .     c - +0 robe
rNeg   . . .     Faith    .     (shield restricted)
rPois  .         Spirit   .     (helmet restricted)
rElec  .         Dismiss  .     l - +0 cloak
rCorr  .         Reflect  .     (gloves unavailable)
SustAt .         Harm     .     (boots unavailable)
MR     +....                    (no amulet)
Stlth  ++++......               (no ring)
                                f - +2 ring of intelligence

@: very quick
A: unfitting armour, see invisible, herbivore 3, speed 3, slow metabolism 2
a: Divine Energy, Renounce Religion


You were on level 9 of the Dungeon.
You worshipped Sif Muna.
Sif Muna was aware of your devotion.
You were not hungry.

You visited 3 branches of the dungeon, and saw 12 of its levels.
You also visited: Ossuary.

You collected 434 gold pieces.

Inventory:

Hand Weapons
 k - a +0 short sword
 r - a +2 dagger of speed (weapon)
Missiles
 b - 365 stones (quivered)
Armour
 c - a +0 robe (worn)
 l - a +0 cloak (worn)
Jewellery
 f - a +2 ring of intelligence (left hand)
 G - an uncursed ring of flight
Wands
 n - a wand of random effects (36/48)
 H - a wand of confusion (7/48)
 J - a wand of flame (27/48)
 N - a wand of slowing (15/48)
 O - a wand of iceblast (4/15)
 P - a wand of acid (7/15)
 R - a wand of confusion (28/48)
Scrolls
 a - 2 scrolls of identify
 j - 4 scrolls of teleportation
 p - 2 scrolls of remove curse
 s - a scroll of holy word {unknown}
 x - a scroll of summoning
 C - a scroll of recharging
 E - a scroll of enchant weapon
 I - a scroll of amnesia
Potions
 g - 4 potions of magic
 h - 4 potions of heal wounds
 i - 2 potions of might
 m - a potion of haste
 o - 3 potions of flight
 t - 5 potions of curing
 v - a potion of agility
 A - a potion of mutation
Books
 e - a book of Geomancy

   Spells                             Type                      Level
   a - Sandblast                      Earth                        1
   b - Passwall                       Transmutation/Earth          2
   c - Stone Arrow                    Conjuration/Earth            3
   d - Petrify                        Transmutation/Earth          4
   e - Lee's Rapid Deconstruction     Earth                        5
 w - a book of Battle

   Spells                             Type                      Level
   a - Infusion                       Charms                       1
   b - Shroud of Golubria             Charms/Translocation         2
   c - Song of Slaying                Charms                       2
   d - Spectral Weapon                Hexes/Charms                 3
   e - Regeneration                   Charms/Necromancy            3
Comestibles
 d - 2 bread rations
 q - a royal jelly


   Skills:
 + Level 4.8 Fighting
 + Level 6.6 Short Blades
 + Level 9.7 Dodging
 - Level 7.5 Stealth
 + Level 8.2 Spellcasting
 - Level 1.3 Transmutations
 * Level 9.1 Earth Magic


You had 10 spell levels left.
You knew the following spells:

 Your Spells              Type           Power        Failure   Level  Hunger
a - Sandblast             Erth           #####.       1%          1    None
b - Passwall              Tmut/Erth      ####......   1%          2    None
c - Stone Arrow           Conj/Erth      ####..       3%          3    None
d - Petrify               Tmut/Erth      ####....     12%         4    ###....
e - Lee's Rapid Deconstr  Erth           #####.....   6%          5    #####..


Dungeon Overview and Level Annotations

Branches:
Dungeon (10/15)            Temple (1/1) D:6            Lair (1/6) D:9
    Orc: D:9-12

Altars:
Ashenzari
Cheibriados
Dithmenos
Elyvilon
Fedhas
Gozag
Hepliaklqana
Kikubaaqudgha
Makhleb
Nemelex Xobeh
Okawaru
Pakellas
Qazlal
Ru
Sif Muna
Trog
Uskayaw
Vehumet
Xom
Yredelemnul
Zin
The Shining One

Shops:
D:4 *   D:7 :   D:8 (   D:9 (

Annotations:
D:2 Ijyb
D:7 Pikel
D:10 GordonOverkill's ghost, novice DrFE; Urug
Lair:1 Erica


Innate Abilities, Weirdness & Mutations

You are tiny and cannot use many weapons and most armour.
You have supernaturally acute eyesight. (SInv)
You are a herbivore.
You cover ground extremely quickly.
You need consume almost no food.


Message History

You hit the troll.
The troll is severely wounded.
The troll closely misses you. The troll misses you. The troll claws you.
Casting: Sandblast
Confirm with . or Enter, or press ? or * to list all spells.
Aiming: Sandblast
Press: ? - help, Shift-Dir - straight line, f/p - troll
Aim: a troll (severely wounded)
The blast of sand hits the troll.
The troll is almost dead.
The troll completely misses you. The troll closely misses you.
The troll claws you.
You hit the troll but do no damage.
The troll is almost dead.
You hit the troll but do no damage.
The troll is almost dead.
The troll bites you!
* * * LOW HITPOINT WARNING * * *
The troll claws you.
You die...

# ######.####'###.# #
##########...........###.# #
#.................##...... ####
#.########.####.#.######.. ...#
#.######............# #<.
##.#####.#..<##.....##.#.#.# #.#
...........#.............#.####.#
....######...##..................
##.## ##.....@T..............#
##.# #.####...#...###.###### ...#
#.# ##.###.## #.# #..# #.# #.#
#.# #.# #..# #.# #.# #§# ##.#
...# #.# #.###§###..# ##.#
####.#####.#≈≈.§≈####
#.#####.......##.#≈≈.§§###
#...)...÷.....##.'.§§§.+.#


You could see a troll.

Vanquished Creatures
  A hill giant (D:9)
  A centaur zombie (D:10)
  A spiny frog (Lair:1)
  A komodo dragon (Lair:1)
  A two-headed ogre (D:9)
  Sigmund (D:2)
  2 hungry ghosts (D:7)
  A hippogriff (D:10)
  A wyvern (D:9)
  Edmund (D:5)
  The ghost of Musica the Covert, an amateur OpAs (D:4)
  A water moccasin (D:7)
  A black bear (D:7)
  A sky beast (D:8)
  An orc warrior (D:8)
  An ice beast (D:9)
  A phantom (D:9)
  5 ogres
  4 centaurs
  Blork the orc (D:5)
  6 giant frogs
  4 water moccasin zombies (Ossuary)
  4 killer bees (D:10)
  5 scorpions
  8 wights
  A giant frog zombie (D:6)
  3 howler monkeys (D:9)
  2 crimson imps
  5 hounds
  3 orc priests
  3 jellies
  Crazy Yiuf (D:2)
  A centaur skeleton (D:7)
  An orc wizard (D:4)
  3 iguanas
  6 worker ants
  3 big kobold zombies (Ossuary)
  A hound skeleton (D:7)
  2 hound zombies
  2 mummies (Ossuary)
  Robin (D:5)
  A howler monkey zombie (D:8)
  5 gnolls
  14 adders
  2 shadow imps
  An adder zombie (Ossuary)
  2 worms
  2 dart slugs
  9 giant geckos
  12 orcs
  7 giant cockroaches
  A gnoll zombie (Ossuary)
  24 goblins
  17 hobgoblins
  4 jackals (D:1)
  8 kobolds
  5 quokkas
  A ball python (D:4)
  6 bats
  5 giant newts
  5 hobgoblin zombies (Ossuary)
  8 kobold zombies (Ossuary)
  4 orc zombies (Ossuary)
  7 rats
243 creatures vanquished.

Vanquished Creatures (collateral kills)
  A slave (D:7)
1 creature vanquished.

Grand Total: 244 creatures vanquished

Notes
Turn   | Place    | Note
-------+----------+-------------------------------------------
     0 | D:1      | Promi the Spriggan Earth Elementalist began the quest for the Orb.
     0 | D:1      | Reached XP level 1. HP: 9/9 MP: 5/5
   221 | D:1      | Reached XP level 2. HP: 13/13 MP: 2/6
   225 | D:1      | Learned a level 2 spell: Passwall
   926 | D:1      | Reached XP level 3. HP: 16/16 MP: 6/8
  1061 | D:1      | Learned a level 3 spell: Stone Arrow
  1234 | D:2      | Noticed Sigmund
  1342 | D:2      | Found a sparkling altar of Nemelex Xobeh.
  1563 | D:2      | Found a basalt altar of Yredelemnul.
  1579 | D:2      | Noticed Ijyb
  1977 | D:2      | Killed Sigmund
  1977 | D:2      | Reached skill level 5 in Stealth
  1977 | D:2      | Reached XP level 4. HP: 12/21 MP: 0/11
  1977 | D:2      | Reached XP level 5. HP: 13/24 MP: 0/12
  2078 | D:2      | Found a runed door.
  2372 | D:2      | Noticed Crazy Yiuf
  2624 | D:3      | Reached XP level 6. HP: 26/28 MP: 2/13
  2999 | D:2      | Killed Crazy Yiuf
  3493 | D:4      | Noticed Robin
  3757 | D:4      | Noticed Musica's ghost (amateur OpAs)
  4089 | D:4      | You fall through a shaft for 3 floors!
  4235 | D:7      | Reached skill level 5 in Dodging
  4235 | D:7      | Reached skill level 5 in Earth Magic
  4320 | D:7      | Reached skill level 1 in Short Blades
  4320 | D:7      | Reached XP level 7. HP: 32/32 MP: 14/14
  4326 | D:7      | Found Xiom's Book Shop.
  4486 | D:7      | Reached skill level 1 in Fighting
  4956 | D:7      | Reached skill level 5 in Spellcasting
  5113 | D:7      | Noticed a hungry ghost
  5140 | D:7      | Noticed Pikel
  5156 | D:7      | Found a burning altar of Makhleb.
  5309 | D:7      | Reached XP level 8. HP: 37/39 MP: 1/16
  5542 | D:6      | Found a staircase to the Ecumenical Temple.
  5547 | Temple   | Entered the Ecumenical Temple
  5864 | D:5      | Entered Level 5 of the Dungeon
  5887 | D:5      | Found a hide-covered altar of Uskayaw.
  6242 | D:5      | Found a sand-covered staircase.
  6247 | Ossuary  | Entered an ossuary
  6267 | Ossuary  | Learned a level 4 spell: Petrify
  6273 | Ossuary  | Learned a level 5 spell: Lee's Rapid Deconstruction
  7195 | D:5      | Noticed Blork the orc
  7214 | D:5      | Killed Blork the orc
  7423 | D:5      | Killed Robin
  7476 | D:5      | Found a snail-covered altar of Cheibriados.
  7528 | D:5      | Noticed Edmund
  7589 | D:4      | Found a shattered altar of Ashenzari.
  7628 | D:4      | Found Garug's Assorted Antiques.
  7654 | D:4      | Killed Musica's ghost
  8367 | D:4      | Reached XP level 9. HP: 43/43 MP: 16/19
  9596 | D:6      | Found a bloodstained altar of Trog.
  9640 | D:6      | Found a hazy altar of Hepliaklqana.
 10124 | D:8      | Reached skill level 5 in Short Blades
 10309 | D:8      | Found Lish's Antique Weapon Boutique.
 10647 | D:8      | Found a radiant altar of Vehumet.
 10652 | D:8      | Found an ancient bone altar of Kikubaaqudgha.
 10653 | D:8      | Found a deep blue altar of Sif Muna.
 10659 | D:8      | Identified Kikubaaqudgha's Volume of Black Magic
 10668 | D:8      | Became a worshipper of Sif Muna the Loreminder
 10669 | D:8      | Upgraded the game from 0.19-a0-1051-gdb7e7f8 to 0.19-a0-1064-geb5102e
 11231 | D:9      | Noticed a troll
 11248 | D:9      | Noticed a hill giant
 11254 | D:9      | Found Abrur's Antique Weapon Boutique.
 11414 | D:9      | Found a stormy altar of Qazlal.
 11453 | D:9      | Reached XP level 10. HP: 46/49 MP: 0/21
 11604 | D:9      | Killed a hill giant
 11967 | D:9      | Found a staircase to the Lair.
 12117 | D:9      | Found a snail-covered altar of Cheibriados.
 12624 | D:10     | Entered Level 10 of the Dungeon
 12681 | D:10     | Noticed Urug
 12718 | D:10     | Noticed GordonOverkill's ghost (novice DrFE)
 13240 | D:5      | Killed Edmund
 13240 | D:5      | Reached * piety under Sif Muna
 13754 | Lair:1   | Entered Level 1 of the Lair of Beasts
 13761 | Lair:1   | Noticed a spiny frog
 13772 | Lair:1   | Killed a spiny frog
 13787 | Lair:1   | Noticed Erica
 13935 | D:9      | Gained mutation: Your mind is acute. (Int +2) [potion of mutation]
 13935 | D:9      | Gained mutation: Your muscles are strong. (Str +2) [potion of mutation]
 13937 | D:9      | Lost mutation: Your muscles are strong. (Str +2) [potion of cure mutation]
 13937 | D:9      | Lost mutation: Your mind is acute. (Int +2) [potion of cure mutation]
 14307 | D:9      | Slain by a troll

Vault maps used:
D:1:      ncdulo_halloftheorcs
D:2:      lemuel_round_altar, nicolae_overflow_crystal_walls, first_bread,
          uniq_iyjb, uniq_sigmund, uniq_crazy_yiuf_cottage
D:4:      ashenzari_conservatory_becter, serial_shops, kennysheep_mini,
          minivault_25, minmay_misc_feat_x, st_stairs_5, minmay_ogre_servants,
          uniq_robin
D:5:      eat_drink_and_be_merry_uskayaw, enter_ossuary_5, chei_slow_surprise,
          uniq_blork_the_orc, uniq_edmund
D:6:      kennysheep_mini_moat, nicolae_overflow_hidden_temple
D:7:      lemuel_coloured_pillars_altar, serial_shops, shop, uniq_pikel
D:8:      grunt_temple_overflow_magic_moments, serial_shops,
          nicolae_shop_crystal
D:9:      cheibriados_altar_wand_db, kennysheep_little_box, lair_0_dummy,
          serial_shops, shop
D:10:     david_orc_4, uniq_urug
Temple:   jpeg_temple_alley_garden
Lair:1:   nicolae_volcano_entry_s_turn, serial_bayou_ford_a,
          infiniplex_staircase_pool, uniq_erica
Ossuary:  ossuary_tomb_2

Skill      XL: |  1  2  3  4  5  6  7  8  9 10 |
---------------+-------------------------------+-----
Spellcasting   | 3 4 5 6 7 8 |  8.2
Earth Magic    | 3 4 5 6 8 9 |  9.1
Stealth        | 5 7 |  7.5
Dodging        | 4 5 7 8 9 |  9.7
Short Blades   | 1 2 4 5 6 |  6.6
Fighting       | 1 2 3 4 |  4.8
Transmutations | |  1.3

Action                   |  1- 3 |  4- 6 |  7- 9 | 10-12 || total
-------------------------+-------+-------+-------+-------++-------
Melee: Unarmed           |    10 |       |       |       ||    10
       Short sword       |    27 |    27 |       |       ||    54
       Dagger            |       |    35 |   402 |   150 ||   587
 Cast: Sandblast         |    87 |    37 |    64 |     7 ||   195
       Stone Arrow       |     1 |    24 |   131 |    69 ||   225
       Passwall          |     1 |       |     3 |     1 ||     5
       Lee's Rapid Decon |       |       |     6 |    11 ||    17
       Petrify           |       |       |     1 |     1 ||     2
  Use: Scroll            |     3 |     6 |     1 |    10 ||    20
       Potion            |     1 |     3 |       |     9 ||    13
 Stab: Sleeping          |     4 |    14 |    23 |     4 ||    45
       Distracted        |     1 |       |     2 |     1 ||     4
       Petrified         |       |       |     2 |       ||     2
  Eat: Bread ration      |       |     1 |       |     1 ||     2
       Fruit             |       |       |     6 |       ||     6
       Pizza             |       |       |     1 |       ||     1
       Royal jelly       |       |       |     1 |     1 ||     2
Armor: Robe              |    15 |    13 |    23 |     3 ||    54
Dodge: Dodged            |    75 |    74 |   290 |   175 ||   614
